 Dungeon Sprint DCSS version 0.22.1-1-ga44c0e56f4 (webtiles) character file.

47 MuseOD the Sneak (level 3, -16/19 HPs)
             Began as a Spriggan Enchanter on Sept 22, 2018.
             Was an Initiate of Dithmenos.
             Demolished by a hornet (17 damage)
             ... in the Dungeon (Sprint II: "The Violet Keep of Menkaure").
             The game lasted 00:01:06 (275 turns).

MuseOD the Sneak (Spriggan Enchanter)                Turns: 275, Time: 00:01:06

Health: -16/19     AC:  2    Str:  4    XL:     3   Next: 48%
Magic:  0/8        EV: 18    Int: 17    God:    Dithmenos [......]
Gold:   243        SH:  0    Dex: 16    Spells: 1/7 levels left

rFire    . . .     SeeInvis +   a - +1 dagger
rCold    . . .     Gourm    .   (shield restricted)
rNeg     . . .     Faith    .   b - +0 robe
rPois    .         Spirit   .   (helmet restricted)
rElec    .         Reflect  .   (no cloak)
rCorr    .         Harm     .   (gloves unavailable)
MR       .....     NoTele   +   (boots unavailable)
Stlth    ++++......             (no amulet)
HPRegen  0.06/turn              (no ring)
MPRegen  0.11/turn              (no ring)

@: very slightly contaminated, very quick
A: very small, unfitting armour, see invisible, herbivore, speed 3, slow
metabolism 2
a: Renounce Religion


You were in the Dungeon.
You worshipped Dithmenos.
Dithmenos was noncommittal.
You were not hungry.

You visited 1 branch You collected 243 gold pieces.

Inventory:

Hand Weapons
 a - a +1 dagger (weapon)
Armour
 b - a +0 robe (worn)
Scrolls
 j - a scroll of blinking
Potions
 f - a potion of heal wounds
 g - a potion of haste
 h - 2 potions of magic
 i - a potion of berserk rage
Comestibles
 d - a ration


   Skills:
 + Level 2.6 Fighting
 * Level 5.3 Short Blades
 - Level 3.0 Dodging
 + Level 7.0 Stealth
 - Level 2.6 Spellcasting
 - Level 3.6 Hexes


You had one spell level left.
You knew the following spells:

 Your Spells              Type           Power        Failure   Level  Hunger
a - Corona                Hex            ##.....      4%          1    #......
b - Ensorcelled Hibernat  Hex/Ice        #.....       13%         2    ##.....
c - Confuse               Hex            ##......     12%         3    ###....

Your spell library contained the following spells:

 Spells                   Type           Power        Failure   Level  Hunger
 Tukima's Dance           Hex            ##......     12%         3    ###....
 Dazzling Spray           Conj/Hex       #.....       26%         3    ###....


Dungeon Overview and Level Annotations

Branches:
Dungeon (1/1)

Altars:
Cheibriados
Dithmenos
Elyvilon
Fedhas
Gozag
Hepliaklqana
Kikubaaqudgha
Makhleb
Nemelex Xobeh
Okawaru
Qazlal
Ru
Sif Muna
Trog
Uskayaw
Vehumet
Wu Jian
Xom
Yredelemnul
Zin
The Shining One
Beogh
Jiyva
Lugonu


Innate Abilities, Weirdness & Mutations

You are very small and have problems with some larger weapons.
You are too small for most types of armour.
You have supernaturally acute eyesight. (SInv)
You are a herbivore.
You cover ground extremely quickly.
You need to consume almost no food.


Message History

Press: ? - help, Shift-Dir - straight line, f - polar bear, p - polar bear
Aim: a polar bear (chance to defeat MR: 45%)
You miscast Confuse.
You are very lightly contaminated with residual magic.
Nothing appears to happen.
The polar bear seems less confused.
The polar bear misses you.
The polar bear claws you but does no damage.
The polar bear claws you.
Casting: Confuse (safe; 12% risk of failure)
Confirm with . or Enter, or press ? or * to list all spells.
You don't have enough magic to cast that spell.
You hit the polar bear.
The polar bear is lightly wounded.
The hornet completely misses you. The polar bear bites you!
Ouch! That really hurt!
* * * LOW HITPOINT WARNING * * *
The polar bear claws you but does no damage. x2
The hornet stings you!
Ouch! That really hurt!
You die...

...# ...# ###..## #..#
$#▓!$!(?%() ##†##..# +..#
.#▓$$?)!))? #..##..# #..#
.#▓?!$(((((
'##.'..####..##.#▓?%[$)![%
#.†##§...###...##▓▓▓▓▓▓▓+▓
##.##...§§§≈≈h≈≈h≈≈≈≈≈≈≈..
###≈≈.§.§§≈#'########+###
#≈MM≈≈†≈..≈#.ch@._..#§§≈#
#§≈≈≈§§§≈.≈#..y._._.#§§≈≈
#≈§§§≈≈≈≈§≈≈#._._._._#§§§≈
≈≈§≈≈≈≈≈§§≈§#_._._._.#§§t§
++#§≈≈§≈§§§†#._._._..#§§≈≈
##≈≈≈###§§#_._._...#§§§§
#§§#._._....#§§§≈
#§§#_._.....#§§≈≈
≈≈≈≈≈##########≈≈§§


You could see 3 polar bears, a yaktaur and a hornet.

Vanquished Creatures
  2 worker ants (D)
2 creatures vanquished.

Vanquished Creatures (others)
  Menkaure (D)
  A crocodile (D)
  2 worker ants (D)
4 creatures vanquished.

Grand Total: 6 creatures vanquished

Notes
Turn   | Place    | Note
-------+----------+-------------------------------------------
     0 | D        | MuseOD the Spriggan Enchanter began the quest for the Orb.
     0 | D        | Reached XP level 1. HP: 9/9 MP: 5/5
     1 | D        | Noticed a worker ant
     1 | D        | Noticed a worker ant
     1 | D        | Noticed a worker ant
     1 | D        | Noticed a worker ant
     4 | D        | Killed a worker ant
     4 | D        | Reached skill level 6 in Stealth
     4 | D        | Reached XP level 2. HP: 15/15 MP: 6/6
    17 | D        | Reached skill level 5 in Short Blades
    17 | D        | Reached skill level 7 in Stealth
    17 | D        | Reached XP level 3. HP: 12/19 MP: 8/8
    23 | D        | Found a glowing silver altar of Zin.
    23 | D        | Noticed Menkaure
    25 | D        | Found a radiant altar of Vehumet.
    26 | D        | Found a glowing golden altar of the Shining One.
    26 | D        | Found a basalt altar of Yredelemnul.
    26 | D        | Found a hide-covered altar of Uskayaw.
    27 | D        | Found a shimmering altar of Xom.
    27 | D        | Found a bloodstained altar of Trog.
    27 | D        | Found a burning altar of Makhleb.
    28 | D        | Found a deep blue altar of Sif Muna.
    28 | D        | Found a corrupted altar of Lugonu.
    28 | D        | Found an ornate altar of the Wu Jian Council.
    29 | D        | Found a sacrificial altar of Ru.
    29 | D        | Found an ancient bone altar of Kikubaaqudgha.
    29 | D        | Found a white marble altar of Elyvilon.
    30 | D        | Found a stormy altar of Qazlal.
    30 | D        | Found a viscous altar of Jiyva.
    30 | D        | Found a shadowy altar of Dithmenos.
    31 | D        | Found a hazy altar of Hepliaklqana.
    31 | D        | Found a snail-covered altar of Cheibriados.
    32 | D        | Found a roughly hewn altar of Beogh.
    32 | D        | Killed Menkaure
    34 | D        | Found a sparkling altar of Nemelex Xobeh.
    34 | D        | Found a blossoming altar of Fedhas.
    35 | D        | Found an opulent altar of Gozag.
    35 | D        | Found an iron altar of Okawaru.
    38 | D        | Noticed a crocodile
    40 | D        | Noticed a crocodile
    41 | D        | Became a worshipper of Dithmenos the Shadowed
    45 | D        | Learned a level 2 spell: Ensorcelled Hibernation
    49 | D        | Learned a level 3 spell: Confuse
   201 | D        | Noticed a crocodile
   252 | D        | Noticed a polar bear
   252 | D        | Killed a crocodile
   253 | D        | Noticed a hornet
   254 | D        | Noticed a yaktaur
   255 | D        | Noticed a polar bear
   256 | D        | Noticed a polar bear
   275 | D        | Demolished by a hornet

Skill      XL: |  1  2 |
---------------+-------+-----
Fighting       | 2 |  2.6
Short Blades   | 4 5 |  5.3
Stealth        | 6 7 |  7.0
Dodging        | |  3.0
Spellcasting   | |  2.6
Hexes          | |  3.6

Action                   || total
-------------------------++-------
Melee: Dagger            ||     3
 Cast: Confuse           ||     2
  Use: Potion            ||     1
 Stab: Sleeping          ||     2
Armor: Robe              ||     5
Dodge: Dodged            ||     7
